 Dungeon Crawl Stone Soup version 0.27.0-1-g7a089689b8 (webtiles) character file.

Game seed: 9593452230243623196

12 SnakkuSnakku7 the Firebug (level 2, 27/27 HPs)
             Began as a Troll Fire Elementalist on Aug 9, 2021.
             Was a Plaything of Xom.
             Got out of the dungeon alive.
             The game lasted 00:00:48 (248 turns).

SnakkuSnakku7 the Firebug (Troll Fire Elementalist)  Turns: 248, Time: 00:00:48

Health: 27/27      AC:  4    Str: 15    XL:     2   Next: 20%
Magic:  2/2        EV:  9    Int: 11    God:    Xom [..*...]
Gold:   29         SH:  0    Dex: 10    Spells: 2/3 levels left

rFire    . . .     SeeInvis .     - Unarmed
rCold    . . .     Faith    .   (no shield)
rNeg     . . .     Spirit   .   a - +0 robe
rPois    .         Reflect  .   (helmet restricted)
rElec    .         Harm     .   (no cloak)
rCorr    .         Rampage  .   (gloves unavailable)
Will     .....                  (boots unavailable)
Stlth    +.........             (no amulet)
HPRegen  1.09/turn              (no ring)
MPRegen  0.08/turn              (no ring)

@: no status effects
A: large, unfitting armour, claws 3, regeneration 1, shaggy fur 1, tough skin 1
a: Renounce Religion


You escaped.
You worshipped Xom.
You were a toy of Xom.
You visited 1 branch of the dungeon, and saw 1 of its levels.

You collected 29 gold pieces.

Inventory:

Armour
 a - a +0 robe (worn)
Scrolls
 b - a scroll of amnesia {unknown}
Potions
 c - a potion of berserk rage {unknown}


   Skills:
 + Level 1.0 Fighting
 - Level 1.5 Dodging
 - Level 1.0 Stealth
 + Level 1.2 Unarmed Combat
 - Level 1.2 Spellcasting
 - Level 0.6 Conjurations
 - Level 2.1 Fire Magic


You had 2 spell levels left.
You knew the following spells:

 Your Spells              Type           Power      Damage    Failure   Level
a - Foxfire               Conj/Fire      12%        2x1d4     19%         1

Your spell library contained the following spells:

 Spells                   Type           Power      Damage    Failure   Level
 Conjure Flame            Conj/Fire      3%         6-21      47%         3
 Inner Flame              Hex/Fire       3%         N/A       52%         3
 Sticky Flame             Conj/Fire      3%         2d3       87%         4
 Summon Ice Beast         Ice/Summ       0%         N/A       97%         4
 Fireball                 Conj/Fire      1%         3d3       99%         5
 Summon Mana Viper        Hex/Summ       0%         N/A       100%        5
 Monstrous Menagerie      Summ           0%         N/A       100%        7


Dungeon Overview and Level Annotations

Branches:
Dungeon (1/15)

Altars:
Xom


Innate Abilities, Weirdness & Mutations

You are too large for most types of armour.
You have claws for hands.
Your natural rate of healing is unusually fast.
You are covered in fur. (AC +1)
You have tough skin. (AC +1)


Message History

A frilled lizard is nearby!
A quokka comes into view.
The frilled lizard hisses angrily.
You scratch the frilled lizard.
You kill the frilled lizard!
You scratch the quokka.
The quokka is almost dead.
The quokka bites you.
You claw the quokka!
You kill the quokka!
Your Fighting skill increases to level 1!
No target in view!
Things that are here:
a quokka corpse; a frilled lizard corpse
c - a fizzy blue potion A bat comes into view.
Found a faded altar of an unknown god.
A bat is nearby!
The bat hits you but does no damage. The bat hits you but does no damage.
The bat hits you but does no damage. The bat closely misses you. x2
The bat hits you but does no damage.
You barely miss the bat. The bat hits you. The bat closely misses you.
You closely miss the bat. The bat hits you but does no damage.
The bat is sucked into a shaft!
The shaft crumbles and collapses.
No target in view!
No target in view!
There is a faded altar of an unknown god here.
You cannot tell which god this altar belongs to.
Convert to them anyway?
Xom accepts your prayer! Xom welcomes you!
Xom is extremely interested.
There is an open door here.
There is a staircase leading out of the dungeon here.
Are you sure you want to leave the Dungeon?
This will make you lose the game!
Alright, then stay!
Are you sure you want to leave the Dungeon?
This will make you lose the game!
You have escaped!

#......#####.##
#.#.##.........
#.#..#..###..#.
##.##.#..#......
###..##.#..#......
#..........#.#..#.
#########'############....
.....................##...
.........@........)...#.##
..#####.....#####.....#...
##...##...##...##....#.##
##..8..##'##..8..##...#..#
##.................##..#..#
#...................##.#..#
#####.#.##[........###....#
#.......)).....##.####...#
#......##....#.##........)


There were no monsters in sight!

Vanquished Creatures
  An endoplasm (D:1)
  A hobgoblin (D:1)
  A quokka (D:1)
  A ball python (D:1)
  A bat (D:1)
  2 frilled lizards (D:1)
  4 kobolds (D:1)
  2 rats (D:1)
13 creatures vanquished.

Notes
Turn   | Place    | Note
-------+----------+-------------------------------------------
     0 | D:1      | SnakkuSnakku7 the Troll Fire Elementalist began the quest
                  | for the Orb.
     0 | D:1      | Reached XP level 1. HP: 16/16 MP: 1/1
   135 | D:1      | Reached skill level 1 in Unarmed Combat
   147 | D:1      | Reached XP level 2. HP: 26/26 MP: 2/2
   179 | D:1      | Reached skill level 1 in Fighting
   196 | D:1      | Found a faded altar of an unknown god.
   207 | D:1      | Became a worshipper of Xom of Chaos
   248 | D:$      | Got out of the dungeon alive.

Illustrated notes

Levels and vault maps discovered:
D:1:      giann_horns, layout_loops_cross, hellmonk_ecumenical_altar_crossroads

Skill      XL: |  1  2 |
---------------+-------+-----
Unarmed Combat | 1 |  1.2
Fighting       | 1 |  1.0
Dodging        | |  1.5
Stealth        | |  1.0
Spellcasting   | |  1.2
Conjurations   | |  0.6
Fire Magic     | |  2.1

Action                   || total
-------------------------++-------
Melee: Unarmed           ||    36
Armor: Robe              ||     8
Dodge: Dodged            ||    20
